 Dungeon Crawl Stone Soup version 0.20-a0-903-g7e3609c (webtiles) character file.

1153 Goblin1989 the Carver (level 8, -3/58 HPs)
             Began as a Demonspawn Monk on Mar 20, 2017.
             Was a Priest of Okawaru.
             Slain by a gnoll
             ... wielding a +4 spear
              (6 damage)
             ... on level 6 of the Dungeon.
             The game lasted 00:09:59 (6362 turns).

Goblin1989 the Carver (Demonspawn Monk)             Turns: 6362, Time: 00:09:59

Health: -3/58      AC:  7    Str: 15    XL:     8   Next: 16%
Magic:  0/8        EV: 14    Int: 11    God:    Okawaru [***...]
Gold:   176        SH:  0    Dex: 15    Spells: 7/7 levels left

rFire    + + .     SeeInvis .   a - +0 falchion
rCold    . . .     Gourm    .   j - +1 ring mail {rF+}
rNeg     . . .     Faith    .   (no shield)
rPois    .         Spirit   +   (no helmet)
rElec    .         Reflect  .   (no cloak)
rCorr    .         Harm     .   d - +0 pair of gloves
MR       .....                  (no boots)
Stlth    ++........             (no amulet)
Regen    0.2/turn               f - ring of protection from fire
MPRegen  0.2/turn               g - +2 ring of evasion

@: no status effects
A: claws 1, nightstalker 1, magic shield
a: Heroism, Renounce Religion


You were on level 6 of the Dungeon.
You worshipped Okawaru.
Okawaru was most pleased with you.
You were not hungry.

You visited 1 branch of the dungeon, and saw 6 of its levels.

You collected 176 gold pieces.

Inventory:

Hand Weapons
 a - a +0 falchion (weapon)
Armour
 d - a +0 pair of gloves (worn)
 j - a +1 ring mail of fire resistance (worn)
 C - a +0 chain mail
Jewellery
 f - a ring of protection from fire (right hand)
 g - a +2 ring of evasion (left hand)
Scrolls
 h - a scroll of amnesia {unknown}
 i - 2 scrolls of remove curse {unknown}
 k - 3 scrolls of teleportation {unknown}
 r - 4 scrolls of identify {unknown}
 t - a scroll of recharging {unknown}
 x - a scroll of fog {unknown}
 y - a scroll of enchant armour {unknown}
 z - a scroll of blinking {unknown}
 D - a scroll of enchant weapon {unknown}
Potions
 b - a potion of berserk rage {unknown}
 c - 2 potions of magic {unknown}
 l - 2 potions of curing {unknown}
 n - a potion of degeneration {unknown}
 o - a potion of haste {unknown}
 p - 3 potions of lignification {unknown}
 q - 2 potions of brilliance {unknown}
 s - a potion of heal wounds {unknown}
 u - a potion of cancellation {unknown}
 w - 3 potions of flight {unknown}
 A - a potion of might {unknown}
 B - a potion of agility {unknown}
Comestibles
 e - 4 bread rations {@e1}
 m - 5 royal jellies
 v - a meat ration {@e2}


   Skills:
 + Level 3.2 Fighting
 - Level 9.1 Long Blades
 + Level 0.8 Armour
 - Level 2.6 Dodging
 - Level 1.7 Stealth
 * Level 1.1 Unarmed Combat


You had 7 spell levels left.
You didn't know any spells.

Dungeon Overview and Level Annotations

Branches:
Dungeon (6/15)             Temple (0/1) D:5

Altars:
Elyvilon
Fedhas
Kikubaaqudgha
Nemelex Xobeh
Okawaru
Ru
Xom

Annotations:
D:3 1 runed door


Innate Abilities, Weirdness & Mutations

You have sharp fingernails.
You are slightly more attuned to the shadows.
When hurt, damage is shared between your health and your magic reserves.


Message History

The bullfrog completely misses you.
Your ring mail prevents you from hitting the bullfrog.
The bullfrog is moderately wounded.
The bullfrog hits you.
The centaur shoots an arrow.
The arrow completely misses you. The gnoll hits you but does no damage.
The gnoll hits you from afar with an enchanted spear!
You are too injured to fight recklessly!
You are too injured to fight recklessly!
You are too injured to fight recklessly!
You are too injured to fight recklessly!
You take 21 damage, and have 34/58 hp.
MASSIVE DAMAGE!!
You now have 4/8 mp.
You are too injured to fight recklessly!
You are too injured to fight recklessly!
You are too injured to fight recklessly!
You are too injured to fight recklessly!
You are too injured to fight recklessly!
You are too injured to fight recklessly!
You are too injured to fight recklessly!
You are too injured to fight recklessly!
You are too injured to fight recklessly!
You are too injured to fight recklessly!
You are too injured to fight recklessly!
You are too injured to fight recklessly!
The centaur shoots an arrow.
The arrow hits you. The bullfrog misses you. The gnoll barely misses you.
The centaur shoots an arrow.
The arrow hits you!
* * * LOW HITPOINT WARNING * * *
You see here 4 arrows.
You take 12 damage, and have 22/58 hp.
MASSIVE DAMAGE!!
You now have 3/8 mp.
The bullfrog snags a nearby spider with its tongue.
The bullfrog barely misses you.
You riposte.
You closely miss the bullfrog.
The bullfrog is moderately wounded.
The bullfrog hits you but does no damage.
The bullfrog closely misses you. The bullfrog misses you.
You riposte.
You closely miss the bullfrog.
The bullfrog is moderately wounded.
The bullfrog barely misses you.
You gain the combat prowess of a mighty hero.
The bullfrog swells and bulges.
The bullfrog hits you.
* * * LOW HITPOINT WARNING * * *
You take 1 damage, and have 23/58 hp.
You now have 2/8 mp.
You hit the bullfrog.
The bullfrog is heavily wounded.
The bullfrog barely misses you.
You slash the bullfrog!
The bullfrog is almost dead.
The bullfrog releases a deep croak.
The bullfrog completely misses you.
You completely miss the bullfrog.
The bullfrog is almost dead.
The bullfrog completely misses you.
You hit the bullfrog.
You kill the bullfrog!
Okawaru accepts your kill.
Your base Unarmed Combat skill increases to level 1!
You hit the gnoll.
The gnoll is lightly wounded.
The gnoll hits you with a flail!
* * * LOW HITPOINT WARNING * * *
You take 9 damage, and have 15/58 hp.
You hit the gnoll but do no damage.
The gnoll is lightly wounded.
You hit the gnoll.
The gnoll is severely wounded.
The gnoll hits you but does no damage.
You hit the gnoll but do no damage.
The gnoll is severely wounded.
You barely miss the gnoll.
The gnoll is severely wounded.
The gnoll barely misses you.
You hit the gnoll but do no damage.
The gnoll is severely wounded.
You hit the gnoll but do no damage.
The gnoll is severely wounded.
The gnoll hits you with a flail!
* * * LOW HITPOINT WARNING * * *
You take 6 damage, and have 9/58 hp.
You now have 1/8 mp.
You hit the gnoll but do no damage.
The gnoll is severely wounded.
Your ring mail prevents you from hitting the gnoll.
You punch the gnoll.
The gnoll is almost dead.
The gnoll hits you with a flail.
* * * LOW HITPOINT WARNING * * *
You take 2 damage, and have 7/58 hp.
You hit the gnoll.
You kill the gnoll!
Okawaru accepts your kill.
You hit the centaur but do no damage.
You feel like a meek peon again.
You hit the centaur.
The centaur is moderately wounded.
The centaur unwields an uncursed shortbow.
The centaur completely misses you.
You barely miss the centaur.
The centaur is moderately wounded.
The centaur hits you.
* * * LOW HITPOINT WARNING * * *
The gnoll hits you from afar with an enchanted spear.
You die...

█.███ ████g█.█.█.█ █.
█g..█.█.█ ██████g█.█.█)█
.......█.█.█[█
█████.<█.█...█
█████████.██.█████
█......... █.███████████
█.██████████.)<.........
█.>.ggc@................
█..████████████████████.
█..███████ ████████.
█......... ......... █
█......... ███████..
██.███g███████ █..
......(██████ █..
████......... █..
█[........ █..


You could see a centaur and 2 gnolls.

Vanquished Creatures
  2 ice beasts (D:5)
  2 ogres
  A centaur (D:5)
  2 bullfrogs (D:6)
  3 scorpions
  2 hounds (D:5)
  An orc priest (D:5)
  An orc wizard (D:5)
  A bullfrog skeleton (D:6)
  An iguana (D:4)
  A hound skeleton (D:5)
  5 gnolls
  8 adders
  2 worms
  An adder skeleton (D:4)
  4 dart slugs
  2 leopard geckos
  17 orcs
  11 bats
  6 giant cockroaches
  4 goblins
  11 hobgoblins
  7 jackals
  10 kobolds
  2 quokkas
  A ball python (D:4)
  3 frilled lizards
  A jackal skeleton (D:4)
  A quokka skeleton (D:5)
  3 rats
116 creatures vanquished.

Notes
Turn   | Place    | Note
-------+----------+-------------------------------------------
     0 | D:1      | Goblin1989 the Demonspawn Monk began the quest for the Orb.
     0 | D:1      | Reached XP level 1. HP: 18/18 MP: 1/1
   162 | D:1      | Reached skill level 3 in Long Blades
   396 | D:1      | Gained mutation: When hurt, damage is shared between your health and your magic reserves. [demonic ancestry]
   396 | D:1      | Reached XP level 2. HP: 22/24 MP: 2/2
   845 | D:1      | Reached XP level 3. HP: 29/29 MP: 3/3
  1060 | D:2      | Reached skill level 4 in Long Blades
  1135 | D:2      | HP: 1/29 [poisoned by an adder]
  1493 | D:2      | Found an iron altar of Okawaru.
  1502 | D:2      | Became a worshipper of Warmaster Okawaru
  1502 | D:2      | Reached * piety under Okawaru
  1502 | D:2      | Reached ** piety under Okawaru
  1706 | D:2      | Reached XP level 4. HP: 33/35 MP: 4/4
  2670 | D:3      | Found a white marble altar of Elyvilon.
  2670 | D:3      | Found a runed door.
  2670 | D:3      | Noticed an angel
  2728 | D:3      | Reached skill level 5 in Long Blades
  2730 | D:3      | Found a sacrificial altar of Ru.
  2821 | D:3      | Found a white marble altar of Elyvilon.
  3475 | D:4      | Gained mutation: You are slightly more attuned to the shadows. [demonic ancestry]
  3475 | D:4      | Reached XP level 5. HP: 39/41 MP: 5/5
  4056 | D:4      | Found an opulent altar of Gozag.
  4057 | D:4      | Found a sparkling altar of Nemelex Xobeh.
  4057 | D:4      | Found an ancient bone altar of Kikubaaqudgha.
  4060 | D:4      | Found a shimmering altar of Xom.
  4060 | D:4      | Found a white marble altar of Elyvilon.
  4060 | D:4      | Found a blossoming altar of Fedhas.
  4119 | D:4      | Reached skill level 6 in Long Blades
  4394 | D:5      | Entered Level 5 of the Dungeon
  4415 | D:5      | Gained mutation: You have sharp fingernails. [demonic ancestry]
  4415 | D:5      | Reached XP level 6. HP: 33/47 MP: 3/6
  4829 | D:5      | Found a staircase to the Ecumenical Temple.
  4937 | D:5      | Found a sparkling altar of Nemelex Xobeh.
  5288 | D:5      | Noticed an ice beast
  5331 | D:5      | Killed an ice beast
  5331 | D:5      | Reached skill level 7 in Long Blades
  5447 | D:5      | Reached XP level 7. HP: 52/52 MP: 4/7
  5531 | D:5      | Reached *** piety under Okawaru
  5531 | D:5      | Reached skill level 8 in Long Blades
  6143 | D:6      | Reached skill level 9 in Long Blades
  6143 | D:6      | Reached XP level 8. HP: 48/58 MP: 6/8
  6349 | D:6      | Reached skill level 1 in Unarmed Combat
  6362 | D:6      | Slain by a gnoll

Vault maps used:
D:1:      minmay_arrival_hallway
D:2:      okawaru_gym_becter, serial_curves, eino_curves_02, eino_curves_03,
          corexii_shack
D:3:      overflow_temple_1_default, nicolae_ru_awakened_eye, lemuel_angel_altar
D:4:      doesnt_xom_only_xom
D:5:      nemelex_xobeh_ov_fountains_minmay, minmay_temple_entry_junction,
          first_bread
D:6:      bloody_makhleb, serial_shops, kennysheep_mini_moat,
          uniq_prince_ribbit1

Skill      XL: |  1  2  3  4  5  6  7  8 |
---------------+-------------------------+-----
Long Blades    | 3 4 5 6 7 9 |  9.1
Unarmed Combat | 1 |  1.1
Fighting       | |  3.2
Armour         | |  0.8
Dodging        | |  2.6
Stealth        | |  1.7

Action                   |  1- 3 |  4- 6 |  7- 9 || total
-------------------------+-------+-------+-------++-------
Melee: Falchion          |   144 |   323 |   146 ||   613
       Punch             |       |     1 |     1 ||     2
Invok: Heroism           |       |     2 |     1 ||     3
 Stab: Sleeping          |     2 |     8 |       ||    10
       Distracted        |       |     1 |       ||     1
  Eat: Chunk             |     3 |    10 |     3 ||    16
       Royal jelly       |       |     1 |       ||     1
Armor: Robe              |    36 |    11 |       ||    47
       Ring mail         |       |    75 |    40 ||   115
Dodge: Dodged            |   112 |   229 |    90 ||   431
       Rpst.: Falchion   |    36 |    65 |    20 ||   121

Vault maps used:
D:1:      minmay_arrival_hallway
D:2:      okawaru_gym_becter, serial_curves, eino_curves_02, eino_curves_03,
          corexii_shack
D:3:      overflow_temple_1_default, nicolae_ru_awakened_eye, lemuel_angel_altar
D:4:      doesnt_xom_only_xom
D:5:      nemelex_xobeh_ov_fountains_minmay, minmay_temple_entry_junction,
          first_bread
D:6:      bloody_makhleb, serial_shops, kennysheep_mini_moat,
          uniq_prince_ribbit1
